Map: Orbital Shipyard

Players

Grumm - Winner!

  • Race: Zerg Zerg
  • League: Gold

eddymachino

  • Race: Terran Terran
  • League: Silver

VOD

Have the link to the VOD?

Description

Time

  • Played on: Feb. 10, 2016, 3:30 p.m.
  • Length: 13:45
Show
View Real Time Build Order
Export as new Build Order

Grumm Zerg - Winner!

Build Orders: Pool First 

Get SALT Encoding   

  12  0:22  Spawning Pool  
  12  0:23  Drone  
  12  0:31  Overlord  
  12  0:36  Drone  
  13  0:45  Drone  
  14  0:50  Extractor  
  14  0:51  Drone  
  14  1:10  Zergling x4  
  16  1:38  Hatchery  
  15  1:43  Queen  
  15  1:45  Drone x2  
  19  1:54  Zergling x2  
  19  1:58  Overlord  
  20  2:18  Drone  
  21  2:32  Zergling x4  
  23  2:49  Drone  
  23  3:07  Drone x4  
  23  3:10  Metabolic Boost, Roach Warren  
  23  3:12  Drone x2  
  27  3:13  Queen  
  29  3:43  Extractor  
  28  3:48  Overlord  
  28  3:49  Drone  
  28  3:50  Drone x4  
  28  3:52  Hatchery  
  31  4:25  Drone  
  31  4:26  Drone x7  
  31  4:28  Extractor  
  38  4:32  Extractor  
  38  4:36  Drone  
  38  4:44  Lair  
  38  4:45  Queen  
  38  4:49  Roach  
  42  4:58  Zergling x4  
  44  5:00  Overlord  
  44  5:17  Drone  
  44  5:18  Drone x5  
  48  5:51  Evolution Chamber  
  48  5:52  Pneumatized Carapace  
  48  5:54  Drone x6  
  48  5:55  Drone x5  
  58  6:00  Extractor  
  58  6:02  Extractor  
  56  6:08  Glial Reconstitution  
  56  6:13  Hydralisk Den  
  56  6:14  Overlord x2  
  55  6:23  Zergling x2  
  55  6:24  Zergling x4  
  58  6:35  Zergling x2  
  58  6:36  Zergling x24  
  70  6:53  Hydralisk x3  
  68  7:46  Hydralisk x3  
  67  8:14  Roach x3  
  67  8:15  Drone  
  69  8:49  Overlord x2  
  69  8:55  Overlord  
  69  8:56  Overlord  
  69  9:06  Muscular Augments  
  69  9:08  Zerg Missile Weapons Level 1  
  69  9:09  Roach x7  
  78  9:52  Roach x4  
  94  9:53  Roach x5  
  91  10:13  Queen  
  91  10:35  Roach x6  
  91  10:58  Hydralisk x3  
  91  11:01  Overseer  
  95  11:05  Overlord x3  
  95  11:06  Overlord  
  91  11:12  Zerg Ground Armor Level 1  
  87  11:30  Overseer  
  87  11:35  Hydralisk  
  87  11:36  Hydralisk x10  
  109  11:52  Spore Crawler  
  108  11:55  Spore Crawler x2  
  104  12:15  Spore Crawler  
  103  12:16  Spore Crawler  
  103  12:17  Drone x6  
  103  12:18  Overlord x3  
  103  12:20  Roach  
  103  12:21  Roach x5  
Show
View Real Time Build Order
Export as new Build Order

eddymachino Terran 

Build Orders:  

Get SALT Encoding   

  12  0:04  SCV  
  13  0:16  SCV  
  14  0:26  Supply Depot  
  14  0:33  SCV  
  15  0:37  Refinery  
  15  0:42  Refinery  
  15  1:03  Engineering Bay  
  15  1:05  Refinery  
  15  1:38  SCV  
  16  1:47  Barracks  
  16  1:49  Engineering Bay  
  16  2:00  SCV  
  17  2:34  Marine  
  18  2:45  Factory  
  18  2:49  Orbital Command  
  18  2:59  Marine  
  19  3:16  Marine  
  20  3:24  Bunker  
  20  3:34  Marine  
  21  3:42  Factory Tech Lab  
  21  3:46  SCV  
  21  4:19  Supply Depot, SCV  
  22  4:37  Starport  
  22  4:41  Siege Tank  
  22  4:45  Marine  
  26  4:50  SCV  
  27  5:04  Missile Turret  
  27  5:06  Building Armor  
  27  5:16  Medivac  
  28  5:43  SCV  
  28  5:48  Supply Depot  
  29  5:55  Marine  
  30  6:10  Siege Tank  
  33  6:13  Command Center  
  33  6:18  Missile Turret  
  33  6:23  SCV  
  34  6:28  Marine  
  27  8:04  Missile Turret  
  24  8:08  Missile Turret  
  24  8:09  Starport Tech Lab  
  23  8:14  Marine  
  21  8:20  SCV  
  18  8:32  SCV  
  18  8:39  Siege Tank  
  21  8:44  SCV  
  21  8:45  Orbital Command  
  22  8:54  Starport  
  22  8:57  Starport  
  22  9:00  SCV  
  23  9:04  Fusion Core  
  23  9:10  SCV  
  23  9:12  SCV  
  23  9:16  Missile Turret x2  
  23  9:17  Marine  
  25  9:22  SCV  
  25  9:23  Bunker  
  27  9:27  SCV  
  27  9:34  Marine, SCV  
  27  9:37  Missile Turret  
  27  9:39  SCV  
  28  9:47  Banshee  
  23  10:24  SCV  
  24  10:29  Starport Reactor  
  24  10:30  Banshee  
  27  10:35  Factory Tech Lab  
  22  11:14  SCV  
  23  11:20  SCV  
  24  11:26  SCV  
  24  11:32  SCV  
  26  11:33  Refinery  
  26  11:48  SCV  
  26  11:50  Missile Turret  
  26  11:52  SCV  
  28  11:55  Starport Reactor  
  28  12:07  SCV  
  29  12:09  Factory Tech Lab  
  29  12:15  Liberator x3  
  38  12:43  SCV  
  39  12:46  Refinery  
  39  12:49  Refinery  
  39  12:50  SCV  
  40  12:55  SCV  
  41  13:00  Missile Turret  
  41  13:04  Marine  
  42  13:07  Siege Tank  
Tags
 
Add a new tag
Caveats
  • Supply blocks, unpowered buildings, or Contaminate may cause inaccurate times.
  • Supply counts are checked every 10 seconds.